 Dungeon Crawl Stone Soup version 0.20.0-8-g6b59dc7 (webtiles) character file.

1912903 eragonby the Skullcrusher (level 27, 141/176 HPs)
             Began as a Gargoyle Fighter on May 19, 2017.
             Was the Champion of Zin.
             Escaped with the Orb
             ... and 3 runes on June 2, 2017!
             The game lasted 04:47:29 (53323 turns).

eragonby the Skullcrusher (Gargoyle Fighter)       Turns: 53323, Time: 04:47:29

Health: 141/176    AC: 61    Str: 31    XL:     27
Magic:  32/32      EV: 11    Int: 11    God:    Zin [******]
Gold:   2328       SH: 25    Dex: 14    Spells: 19/26 levels left

rFire    + + +     SeeInvis +   o - +9 eveningstar (holy)
rCold    + . .     Gourm    .   b - +0 large shield
rNeg     + + +     Faith    .   M - +4 gold dragon scales
rPois    ∞         Spirit   .   g - +0 helmet of Ashenzari's Wrath {+Blink rN+ Regen+}
rElec    +         Reflect  .   h - +1 cloak {MR+}
rCorr    .         Harm     .   v - +2 pair of gloves
MR       +++++     Clarity  +   t - +1 pair of boots
Stlth    ..........             m - amulet of the Four Winds {rN+ MR+++ Clar}
Regen    0.8/turn               z - ring "Bema" {rPois rF+ rN+ MR+ Slay+3}
MPRegen  0.3/turn               V - ring of Fifroempo {rF+ MR+ Dex+5 Slay+3 SInv}

@: no status effects
A: big wings, negative energy resistance 1, electricity resistance, unbreathing,
petrification resistance, rot immunity, AC +20
0: Orb of Zot
}: 3/15 runes: serpentine, barnacled, silver
a: Fly, Recite, Vitalisation, Imprison, Sanctuary, Donate Gold, Renounce
Religion, Evoke Blink


You escaped.
You worshipped Zin.
Zin was exalted by your worship.
You were not hungry.

You visited 10 branches of the dungeon, and saw 48 of its levels.

You collected 6745 gold pieces.
You spent 3687 gold pieces at shops.
You donated 730 gold pieces to Zin.

Inventory:

Hand Weapons
 o - a +9 eveningstar of holy wrath (weapon)
Armour
 b - a +0 large shield (worn)
 g - the +0 helmet of Ashenzari's Wrath (worn) {+Blink rN+ Regen+}
   (You found it on level 5 of the Vaults)

   It protects you from negative energy.
   It lets you blink.
   It increases your rate of regeneration.
 h - a +1 cloak of magic resistance (worn)
 t - a +1 pair of boots (worn)
 v - a +2 pair of gloves (worn)
 M - +4 gold dragon scales (worn)
Jewellery
 m - the amulet of the Four Winds (around neck) {rN+ MR+++ Clar}
   (You bought it in a shop on level 3 of the Depths)

   [amulet of nothing]

   It protects you from negative energy.
   It affects your resistance to hostile enchantments.
   It protects you against confusion.
 w - an uncursed ring of protection from cold
 z - the ring "Bema" (left hand) {rPois rF+ rN+ MR+ Slay+3}
   (You acquired it on level 4 of the Vaults)

   [ring of slaying]

   It affects your accuracy and damage with ranged weapons and melee attacks
   (+3).
   It protects you from fire.
   It protects you from poison.
   It protects you from negative energy.
   It affects your resistance to hostile enchantments.
 G - an uncursed amulet of rage
 J - a +6 amulet of reflection
 P - an uncursed ring of resist corrosion
 V - the ring of Fifroempo (right hand) {rF+ MR+ Dex+5 Slay+3 SInv}
   (You found it on level 3 of the Snake Pit)

   [ring of protection from fire]

   It affects your dexterity (+5).
   It affects your accuracy and damage with ranged weapons and melee attacks
   (+3).
   It protects you from fire.
   It affects your resistance to hostile enchantments.
   It lets you see invisible.
Wands
 a - a wand of iceblast (8/15)
 q - a wand of digging (8/24)
 A - a wand of confusion (0/48)
 R - a wand of digging (14/24)
Scrolls
 e - 4 scrolls of magic mapping
 i - 7 scrolls of fear
 j - 10 scrolls of teleportation
 l - 34 scrolls of remove curse
 p - 3 scrolls of fog
 F - 5 scrolls of identify
 I - 4 scrolls of blinking
 L - 4 scrolls of recharging
 N - a scroll of summoning
 O - 2 scrolls of holy word
 S - 2 scrolls of silence
Potions
 c - 4 potions of brilliance
 n - 20 potions of curing
 r - 2 potions of invisibility
 u - 6 potions of haste
 x - 3 potions of agility
 B - 5 potions of cancellation
 C - 4 potions of ambrosia
 K - 7 potions of flight
 Q - 2 potions of berserk rage
 U - 5 potions of might
 W - 3 potions of resistance
Miscellaneous
 d - a phial of floods
 k - a lightning rod (3/4)
 y - 3 phantom mirrors
 E - a lamp of fire
 X - a fan of gales
Comestibles
 f - 15 bread rations
 s - 14 meat rations


   Skills:
 - Level 19.0 Fighting
 O Level 27 Maces & Flails
 + Level 23.5 Armour
 - Level 9.0 Dodging
 - Level 20.3 Shields
 - Level 12.3 Invocations
 - Level 8.0 Evocations


You had 19 spell levels left.
You knew the following spells:

 Your Spells              Type           Power        Failure   Level  Hunger
a - Blink                 Tloc           N/A          100%        2    ###....
b - Summon Butterflies    Summ           #.......     99%         1    ##.....
c - Apportation           Tloc           #.....       99%         1    ##.....
d - Passwall              Tmut/Erth      #.........   100%        2    ###....
e - Infusion              Chrm           #...         99%         1    ##.....


Dungeon Overview and Level Annotations

Branches:
Dungeon (15/15)            Temple (1/1) D:7            Lair (6/6) D:9
 Shoals (4/4) Lair:2        Snake (4/4) Lair:2        Slime (0/5) Lair:5
    Orc (2/2) D:12            Elf (0/3) Orc:2        Vaults (5/5) D:13
  Crypt (1/3) Vaults:2     Depths (5/5) D:15            Zot (5/5) Depths:5

Altars:
Ashenzari
Cheibriados
Dithmenos
Elyvilon
Fedhas
Gozag
Hepliaklqana
Kikubaaqudgha
Makhleb
Nemelex Xobeh
Okawaru
Qazlal
Ru
Sif Muna
Trog
Uskayaw
Vehumet
Xom
Yredelemnul
Zin
The Shining One
Beogh

Shops:
D:7 (   D:10 (   Orc:2 (:[*   Shoals:3 !=}   Snake:3 !?*:   Vaults:1 }
Vaults:5 (   Depths:3 }=}   Depths:5 ?

Portals:
Hell: Depths:3
Abyss: Depths:4 Depths:5
Pandemonium: Depths:3
Ziggurat: Depths:5
Trove: D:15 (give +3 storm dragon scales)


Innate Abilities, Weirdness & Mutations

You are resistant to torment.
Your stone body is resilient. (AC +20)
You are immune to poison.
Your large and strong wings let you fly indefinitely.
You resist negative energy. (rN+)
You are resistant to electric shocks. (rElec)
You can survive without breathing.
You are immune to petrification.
You are immune to rotting.


Message History

The sphere of damnation explodes!
The damnation engulfs you!
The damnation engulfs the Hell Sentinel.
The Hell Sentinel completely resists.
You hit the Hell Sentinel but do no damage.
The Hell Sentinel is heavily wounded.
You hit the Hell Sentinel but do no damage.
The Hell Sentinel is heavily wounded.
You block the Hell Sentinel's attack. The Hell Sentinel closely misses you.
You hit the Hell Sentinel but do no damage.
The Hell Sentinel is moderately wounded.
You block the Hell Sentinel's attack.
The Hell Sentinel hits you but does no damage.
You skewer the Hell Sentinel like a kebab!!!
The Hell Sentinel convulses!!!
You kill the Hell Sentinel!
There is an open door here.
You enter the shallow water.
Moving in this stuff is going to be slow.
There is a staircase leading out of the dungeon here.
You have escaped!

.................................
##.....##.#.#######'#.##.........
##.###.##.#.#....##.#.#..##.#####
##.###.##.#.#.##≈##≈#........)...
............'..#≈≈≈##.#..##.#####
#>..........#######≈#.#..##.#
...###.####.#≈≈≈≈≈≈##.#..##.#
...###.####.#≈#≈###≈#.#..##.#
............#≈#≈@≈#≈#.#..##.#
#...##.####.#≈≈≈≈≈≈≈#.)..##.#####
............####'####.#.###.#....
#..###................#.#........
#..# #....#.#...........#........
#..# #....#.###....#..#.#........
#..# #....#.# #....#..#.###.#.###
#..###....(.###..................
............#....................


There were no monsters in sight!

Vanquished Creatures
  4 orbs of fire
  An ancient lich (Zot:5)
  A caustic shrike (Depths:2)
  Margery (Depths:3)
  Bai Suzhen (Shoals:3)
  6 Killer Klowns
  3 curse toes
  12 golden dragons
  the Enchantress (Depths:5)
  A bone dragon (Depths:5)
  2 electric golems (Zot:5)
  A Brimstone Fiend (D:8)
  11 tentacled monstrosities
  6 liches
  An Ice Fiend (Zot:3)
  2 titans
  23 Orb Guardians
  2 Hell Sentinels
  4 quicksilver dragons
  Polyphemus (Shoals:3)
  An Executioner (D:4)
  4 death cobs
  Frances (D:12)
  8 shadow dragons
  7 sphinxes
  Roxanne (Snake:4)
  A revenant (Vaults:2)
  3 draconian knights (Zot:4)
  5 storm dragons
  4 nagarajas
  Ilsuiw (Shoals:4)
  7 tengu reavers
  A draconian monk (Depths:5)
  An azure jelly (shapeshifter) (Vaults:5)
  11 fire giants
  3 deep elf sorcerers
  A draconian scorcher (Zot:4)
  2 orc warlords (Orc:2)
  An iron dragon (Vaults:4)
  14 frost giants
  5 draconian shifters
  3 deep elf elementalists
  A draconian stormcaller (Zot:4)
  11 vault wardens
  A war gargoyle (Vaults:5)
  5 spriggan defenders
  3 draconian annihilators
  17 stone giants
  23 very ugly things
  A ghoul (Vaults:2)
  21 ironheart preservers
  6 black draconians
  4 green draconians
  2 vampire knights
  The ghost of Lochraine the Thaumaturge, a journeyman DECj of Sif Muna (Lair:6)
  A deep elf demonologist (Vaults:4)
  4 deep elf annihilators
  4 red draconians (Zot:4)
  3 white draconians
  13 spark wasps
  6 yellow draconians
  Snorg (D:14)
  14 ettins
  7 purple draconians
  A green death (D:15)
  6 merfolk javelineers
  6 fire dragons
  3 deep elf death magi
  2 deep elf high priests (Vaults:5)
  18 yaktaur captains
  3 crystal guardians
  9 merfolk impalers
  14 hydras
  5 great orbs of eyes
  13 ice dragons
  41 vault guards
  3 rakshasas (Depths:2)
  19 naga warriors
  10 anacondas
  3 spriggan air magi (Depths:5)
  8 centaur warriors
  6 catoblepae
  3 merfolk avatars
  2 alligator snapping turtles
  5 merfolk aquamancers (Shoals:4)
  A dancing weapon (Vaults:5)
  4 death knights
  50 two-headed ogres
  6 deep troll shamans
  7 spriggan berserkers
  Urug (D:13)
  10 deep troll earth magi
  A vampire mage (Depths:2)
  2 two-headed ogres (shapeshifter)
  19 hell knights
  23 ogre magi
  22 death yaks
  3 tengu warriors (Depths:2)
  16 naga sharpshooters
  A storm dragon zombie (Vaults:3)
  4 orc high priests (Orc:2)
  10 shock serpents
  4 deep elf knights
  2 soul eaters
  A sun demon (Depths:4)
  An iron troll (shapeshifter) (Vaults:5)
  7 spriggans
  4 iron trolls
  A fire crab (Lair:5)
  A fire crab (shapeshifter) (Vaults:3)
  3 sixfirhies
  2 shadow wraiths
  A salamander mystic (Snake:3)
  A skeletal warrior (D:13)
  41 deep trolls
  6 unseen horrors
  11 naga ritualists
  11 sea snakes
  8 flayed ghosts
  3 wizards
  2 glowing orange brains
  12 harpies
  A shadow dragon zombie (Vaults:4)
  6 deep elf archers
  An orange crystal statue (D:14)
  4 phantasmal warriors (Vaults:5)
  21 ironbrand convokers
  23 orc knights
  3 wolf spiders
  12 mana vipers
  A tengu zombie (Vaults:3)
  7 necromancers
  15 deep elf magi
  29 ugly things
  A tengu skeleton (Vaults:2)
  7 cyclopes
  An orb spider (shapeshifter) (Vaults:1)
  5 oklob plants
  A human zombie (Vaults:3)
  7 salamanders
  5 fauns
  14 manticores
  7 orc sorcerers
  6 moths of wrath
  2 human skeletons
  5 merfolk sirens
  4 guardian serpents
  Maurice (D:12)
  38 black mambas
  A rust devil (Depths:3)
  9 elephants
  3 water nymphs
  14 vault sentinels
  32 naga magi
  2 water nymphs (shapeshifter)
  A torpor snail (Lair:3)
  An orange demon (Depths:3)
  30 spiny frogs
  2 hellions
  9 komodo dragons
  39 yaktaurs
  6 rime drakes
  2 kobold demonologists (D:13)
  13 freezing wraiths
  An efreet (D:14)
  2 ice devils
  A hellwing (D:4)
  A tengu conjurer (Depths:3)
  24 merfolk
  8 trolls
  A yaktaur skeleton (Vaults:4)
  A meliai (D:11)
  A meliai (shapeshifter) (Vaults:1)
  3 wind drakes
  A polar bear (shapeshifter) (Vaults:3)
  A polar bear (Lair:5)
  A raiju (shapeshifter) (Depths:2)
  3 tyrant leeches
  A wind drake (shapeshifter) (Depths:1)
  7 hornets
  4 dream sheep (Shoals:4)
  29 slime creatures
  9 hippogriffs
  A hippogriff (shapeshifter) (Vaults:4)
  19 blink frogs
  Grinder (D:5)
  A fire giant simulacrum (Vaults:4)
  A blink frog (shapeshifter) (Vaults:5)
  2 meliai zombies
  7 snapping turtles
  A wyvern (shapeshifter) (Vaults:4)
  2 shadows
  4 air elementals
  Sigmund (D:3)
  A spriggan (shapeshifter) (Vaults:4)
  3 wyverns
  3 wraiths
  7 water elementals
  A human (D:13)
  53 yaks
  A basilisk (Lair:4)
  9 vampire mosquitoes
  Menkaure (D:7)
  A human simulacrum (Vaults:3)
  A yaktaur simulacrum (Vaults:2)
  A hungry ghost (D:11)
  14 wargs
  A soldier ant (D:13)
  47 nagas
  2 soldier ants (shapeshifter)
  5 acid dragons
  15 water moccasins
  A floating eye (shapeshifter) (Vaults:5)
  Duvessa (D:7)
  7 porcupines
  An ice beast (shapeshifter) (Depths:2)
  A sky beast (D:13)
  3 black bears
  3 ice beasts
  16 boggarts
  3 phantoms
  43 orc warriors
  40 ogres
  2 eyes of draining
  A necrophage (D:12)
  13 centaurs
  6 wolves (Lair:5)
  4 crocodiles
  4 big kobolds
  28 bullfrogs
  A gnoll sergeant (D:13)
  Dowan (D:7)
  A water moccasin skeleton (D:8)
  4 scorpions
  3 killer bees (D:12)
  8 howler monkeys
  4 electric eels
  3 crimson imps
  4 bullfrog zombies
  3 centaur zombies
  16 jellies
  40 orc wizards
  3 centaur skeletons
  20 orc priests
  3 hounds
  2 bullfrog skeletons
  4 iguanas
  11 worker ants
  3 hound skeletons
  A howler monkey skeleton (D:8)
  2 worker ant zombies
  12 adders
  A gnoll (shapeshifter) (Vaults:4)
  13 gnolls
  7 shadow imps
  An ufetubus (D:4)
  An ooze (D:5)
  An adder skeleton (D:4)
  4 worms
  4 dart slugs
  2 leopard geckos (D:4)
  74 orcs
  2 giant cockroaches (D:5)
  4 goblins
  A hobgoblin (shapeshifter) (Vaults:4)
  9 hobgoblins
  10 jackals
  6 quokkas
  3 ball pythons
  7 bats
  5 frilled lizards
  25 kobolds
  6 rats
  4 plants
2012 creatures vanquished.

Vanquished Creatures (collateral kills)
  A wizard (D:13)
  A vampire mosquito (D:13)
2 creatures vanquished.

Vanquished Creatures (others)
  A storm dragon (Zot:5)
  A stone giant (Vaults:5)
  A merfolk javelineer (Shoals:4)
  A yaktaur captain (Vaults:1)
  2 centaur warriors
  A satyr (Shoals:3)
  A vampire mage (Depths:3)
  A deep elf archer (Vaults:4)
  4 fauns
  3 moths of wrath (Zot:5)
  A cyclops (Vaults:2)
  A manticore (Shoals:2)
  5 yaktaurs
  A merfolk (Shoals:3)
  A boggart (Vaults:3)
  2 centaurs
  2 orcs
  9 fungi
  26 plants
64 creatures vanquished.

Grand Total: 2078 creatures vanquished

Notes
Turn   | Place    | Note
-------+----------+-------------------------------------------
     0 | D:1      | eragonby the Gargoyle Fighter began the quest for the Orb.
     0 | D:1      | Reached XP level 1. HP: 14/14 MP: 1/1
    67 | D:1      | Reached XP level 2. HP: 16/19 MP: 2/2
   887 | D:2      | Reached XP level 3. HP: 24/24 MP: 3/3
   963 | D:2      | Reached XP level 4. HP: 22/29 MP: 4/4
   989 | D:2      | Reached skill level 3 in Maces & Flails
  1317 | D:2      | Reached XP level 5. HP: 33/33 MP: 5/5
  1623 | D:3      | Noticed Sigmund
  2019 | D:4      | Reached XP level 6. HP: 39/39 MP: 6/6
  2833 | D:5      | Entered Level 5 of the Dungeon
  2865 | D:5      | Noticed Grinder
  2867 | D:5      | Noticed an ice beast
  2879 | D:5      | Killed Grinder
  2879 | D:5      | Reached skill level 5 in Fighting
  2879 | D:5      | Reached skill level 4 in Maces & Flails
  2879 | D:5      | Reached skill level 5 in Armour
  2879 | D:5      | Reached skill level 5 in Shields
  2879 | D:5      | Reached XP level 7. HP: 44/44 MP: 7/7
  3271 | D:5      | Found a shimmering altar of Xom.
  3337 | D:5      | Reached XP level 8. HP: 43/51 MP: 8/8
  3466 | D:5      | Reached skill level 5 in Maces & Flails
  4247 | D:3      | Killed Sigmund
  4749 | D:6      | Got a translucent helmet
  4847 | D:6      | Reached skill level 6 in Maces & Flails
  4847 | D:6      | Reached XP level 9. HP: 29/56 MP: 9/9
  5001 | D:6      | Upgraded the game from 0.20-b1 to 0.20.0-8-g6b59dc7
  5051 | D:6      | Identified the +0 helmet of the Ageless Lovers {rPois Str+2 Int+2} (You found it on level 6 of the Dungeon)
  5305 | D:7      | Found Demminu's Antique Weapon Shop.
  5353 | D:7      | Noticed Duvessa
  5354 | D:7      | Noticed Dowan
  5361 | D:7      | Killed Duvessa
  5365 | D:7      | Killed Dowan
  5382 | D:7      | Noticed Menkaure
  5386 | D:7      | Killed Menkaure
  5497 | D:7      | Found a staircase to the Ecumenical Temple.
  5506 | Temple   | Entered the Ecumenical Temple
  5617 | Temple   | Became a worshipper of the Shining One
  6093 | D:8      | Noticed a two-headed ogre
  6111 | D:8      | Killed a two-headed ogre
  6111 | D:8      | Reached skill level 7 in Maces & Flails
  6111 | D:8      | Reached XP level 10. HP: 54/64 MP: 10/10
  6823 | D:8      | Reached skill level 1 in Invocations
  7228 | D:9      | Noticed a death yak
  7229 | D:9      | Noticed a death yak
  7252 | D:10     | Entered Level 10 of the Dungeon
  7416 | D:10     | Noticed a two-headed ogre
  7427 | D:10     | Killed a two-headed ogre
  7427 | D:10     | Reached skill level 8 in Maces & Flails
  7641 | D:10     | Learned a level 2 spell: Blink
  7762 | D:10     | Reached * piety under the Shining One
  8003 | D:10     | Found Woadamau's Weapon Boutique.
  8492 | D:9      | Reached skill level 9 in Maces & Flails
  8494 | D:9      | Found a staircase to the Lair.
  8497 | D:9      | Noticed a death yak
  8497 | D:9      | Noticed a death yak
  8498 | D:9      | Noticed a death yak
  8506 | D:9      | Noticed a death yak
  8507 | D:9      | Noticed a death yak
  8508 | D:9      | Noticed a death yak
  8511 | D:9      | Killed a death yak
  8511 | D:9      | Reached skill level 10 in Shields
  8520 | D:9      | Killed a death yak
  8520 | D:9      | Reached XP level 11. HP: 50/69 MP: 12/12
  8528 | D:9      | Killed a death yak
  8548 | D:10     | Killed a death yak
  8548 | D:10     | Reached skill level 10 in Maces & Flails
  8667 | D:9      | Noticed a two-headed ogre
  8673 | D:9      | Killed a two-headed ogre
  8890 | D:9      | Killed a death yak
  8892 | D:9      | Killed a death yak
  8943 | D:9      | Killed a death yak
  8943 | D:9      | Reached skill level 1 in Evocations
  8962 | D:9      | Killed a death yak
 10009 | D:12     | Reached ** piety under the Shining One
 10047 | D:12     | Noticed a green ugly thing
 10057 | D:12     | Killed a green ugly thing
 10057 | D:12     | Reached XP level 12. HP: 76/76 MP: 13/15
 10126 | D:12     | Noticed Maurice
 10134 | D:12     | Killed Maurice
 10430 | D:12     | Reached skill level 11 in Maces & Flails
 10574 | D:12     | Found a staircase to the Orcish Mines.
 10584 | D:12     | Reached skill level 10 in Fighting
 10647 | D:12     | Noticed Frances
 10769 | Lair:1   | Entered Level 1 of the Lair of Beasts
 12000 | Lair:1   | Noticed a four-headed hydra
 12009 | Lair:1   | Killed a four-headed hydra
 12072 | Lair:2   | Noticed a six-headed hydra
 12076 | Lair:2   | Noticed a death yak
 12086 | Lair:1   | Killed a six-headed hydra
 12086 | Lair:1   | Reached skill level 10 in Armour
 12099 | Lair:2   | Noticed a five-headed hydra
 12128 | Lair:1   | Killed a five-headed hydra
 12223 | Lair:2   | Found a staircase to the Snake Pit.
 12264 | Lair:2   | Noticed a death yak
 12264 | Lair:2   | Noticed a death yak
 12264 | Lair:2   | Noticed a death yak
 12283 | Lair:1   | Killed a death yak
 12283 | Lair:1   | Reached skill level 5 in Invocations
 12421 | Lair:2   | Killed a death yak
 12435 | Lair:1   | Killed a death yak
 12435 | Lair:1   | Reached XP level 13. HP: 47/84 MP: 16/16
 12836 | Lair:2   | Found a staircase to the Shoals.
 13420 | Lair:3   | Reached skill level 12 in Maces & Flails
 13534 | Lair:3   | Reached *** piety under the Shining One
 15066 | Lair:5   | Gained mutation: Your large and strong wings let you fly indefinitely. [Gargoyle growth]
 15066 | Lair:5   | Reached XP level 14. HP: 49/90 MP: 17/17
 15755 | Lair:5   | Found a staircase to the Slime Pits.
 15839 | Lair:5   | Reached skill level 5 in Evocations
 16022 | Lair:5   | Reached **** piety under the Shining One
 16546 | Lair:6   | Entered Level 6 of the Lair of Beasts
 16580 | Lair:6   | Reached skill level 15 in Shields
 16586 | Lair:6   | Noticed Lochraine's ghost (journeyman DECj)
 16834 | Lair:5   | Reached skill level 13 in Maces & Flails
 17679 | Lair:6   | Killed Lochraine's ghost
 18242 | Lair:6   | Reached skill level 1 in Dodging
 18244 | Lair:6   | Reached XP level 15. HP: 43/94 MP: 19/19
 18692 | Lair:6   | Reached skill level 14 in Maces & Flails
 19349 | Lair:6   | Identified the Guide on Translocation and the Glacier
 19359 | Lair:6   | Learned a level 1 spell: Summon Butterflies
 19361 | Lair:6   | Learned a level 1 spell: Apportation
 19361 | Lair:6   | Identified the Grimoire of Ashen Enchantment
 19997 | D:12     | Killed Frances
 20169 | D:12     | Reached ***** piety under the Shining One
 20447 | D:13     | Identified the Collected Works on Transmutation and Heat
 20452 | D:13     | Learned a level 2 spell: Passwall
 20663 | D:13     | Noticed Urug
 20677 | D:13     | Killed Urug
 20725 | D:13     | Gained mutation: You are robust. (+10% HP) [mutagenic meat]
 20726 | D:13     | Gained mutation: Armour fits poorly on your strangely shaped body. [mutagenic meat]
 20732 | D:13     | Lost mutation: Armour fits poorly on your strangely shaped body. [potion of mutation]
 20732 | D:13     | Lost mutation: You are robust. (+10% HP) [potion of mutation]
 20732 | D:13     | Gained mutation: You possess an exceptional clarity of mind. [potion of mutation]
 20732 | D:13     | Gained mutation: You have a pair of small horns on your head. [potion of mutation]
 20815 | D:13     | Gained mutation: Potions are less effective at restoring your health. [mutagenic meat]
 20816 | D:13     | Gained mutation: Your body sometimes deteriorates upon taking damage. [mutagenic meat]
 20850 | D:13     | Reached skill level 15 in Maces & Flails
 21317 | D:13     | Found a gate to the Vaults.
 21372 | D:13     | HP: 1/96 [wizard/crystal spear (27)]
 21372 | D:13     | Reached XP level 16. HP: 1/101 MP: 13/21
 21796 | Orc:1    | Entered Level 1 of the Orcish Mines
 21796 | Orc:1    | Found a roughly hewn altar of Beogh.
 22093 | Orc:2    | Entered Level 2 of the Orcish Mines
 22584 | Orc:2    | Found a staircase to the Elven Halls.
 22852 | Orc:2    | Found Tuepouqy's Antique Armour Shop.
 22853 | Orc:2    | Found Temmugic's Antique Weapon Boutique.
 22854 | Orc:2    | Found Jahaozuh's General Store.
 22854 | Orc:2    | Found Torhuni's Book Shop.
 23578 | Orc:2    | Bought a runed plate armour for 702 gold pieces
 23863 | Snake:1  | Entered Level 1 of the Snake Pit
 24618 | Snake:1  | Reached skill level 16 in Maces & Flails
 24880 | Snake:2  | Reached ****** piety under the Shining One
 25975 | Snake:3  | Found Zippab's Distillery.
 25976 | Snake:3  | Found Zatofeuj's Assorted Antiques.
 25976 | Snake:3  | Found Nuxug's Magic Scroll Boutique.
 25979 | Snake:3  | Found Miohisulywn's Book Shop.
 25995 | Snake:3  | Bought a potion of ambrosia for 88 gold pieces
 25995 | Snake:3  | Bought a potion of haste for 110 gold pieces
 25995 | Snake:3  | Bought a potion of heal wounds for 55 gold pieces
 25995 | Snake:3  | Bought a potion of heal wounds for 55 gold pieces
 25995 | Snake:3  | Bought 2 potions of curing for 66 gold pieces
 25995 | Snake:3  | Bought 2 potions of might for 88 gold pieces
 26005 | Snake:3  | Bought a scroll labeled SUINAL SUOMU for 25 gold pieces
 26012 | Snake:3  | Bought a scroll of teleportation for 42 gold pieces
 26012 | Snake:3  | Bought a scroll of identify for 28 gold pieces
 26012 | Snake:3  | Bought a scroll of teleportation for 42 gold pieces
 26095 | Snake:3  | Reached XP level 17. HP: 57/109 MP: 22/22
 27362 | Snake:3  | Lost mutation: You possess an exceptional clarity of mind. [potion of mutation]
 27362 | Snake:3  | Lost mutation: Your body sometimes deteriorates upon taking damage. [potion of mutation]
 27362 | Snake:3  | Gained mutation: Scrolls take you a little longer to read. [potion of mutation]
 27362 | Snake:3  | Gained mutation: Scrolls take you longer to read. [potion of mutation]
 27362 | Snake:3  | Gained mutation: You are robust. (+10% HP) [potion of mutation]
 27362 | Snake:3  | Gained mutation: You have large cloven feet. [potion of mutation]
 27427 | Snake:3  | Got a bound granite ring
 27443 | Snake:3  | Identified the ring of Fifroempo {rF+ MR+ Dex+5 Slay+3 SInv} (You found it on level 3 of the Snake Pit)
 27447 | Snake:3  | Identified a +5 eveningstar of holy wrath (a +3 eveningstar blessed by the Shining One)
 27447 | Snake:3  | Received a gift from the Shining One
 27468 | Snake:4  | Entered Level 4 of the Snake Pit
 28167 | Snake:4  | Reached skill level 17 in Maces & Flails
 28214 | Snake:4  | Reached skill level 15 in Armour
 28287 | Snake:4  | Gained mutation: Your mind is acute. (Int +2) [mutagenic meat]
 28288 | Snake:4  | Gained mutation: You are surrounded by a mild repulsion field. (EV +2) [mutagenic meat]
 28336 | Snake:4  | Reached XP level 18. HP: 115/128 MP: 24/24
 28488 | Snake:4  | Got a serpentine rune of Zot
 28612 | Snake:4  | Noticed Roxanne
 28653 | Snake:4  | Killed Roxanne
 28662 | Snake:4  | Identified Roxanne's Disquisition on Shape Shifting (You took it off Roxanne on level 4 of the Snake Pit)
 29033 | Vaults:1 | Entered Level 1 of the Vaults
 29213 | Vaults:1 | Lost mutation: You have a pair of small horns on your head. [mutagenic meat]
 29220 | Vaults:1 | Lost mutation: Your mind is acute. (Int +2) [mutagenic meat]
 29228 | Vaults:1 | Gained mutation: You have hoof-like feet. [mutagenic meat]
 29229 | Vaults:1 | Gained mutation: Your spells are a little easier to cast, but a little less powerful. [mutagenic meat]
 29230 | Vaults:1 | Gained mutation: Your flesh is cold resistant. (rC+) [mutagenic meat]
 29231 | Vaults:1 | Lost mutation: Scrolls take you longer to read. [mutagenic meat]
 29232 | Vaults:1 | Lost mutation: You are robust. (+10% HP) [mutagenic meat]
 29288 | Vaults:1 | Reached skill level 15 in Fighting
 29855 | Vaults:1 | Gained mutation: Your natural rate of healing is unusually fast. [mutagenic meat]
 29858 | Vaults:1 | Gained mutation: Your body sometimes deteriorates upon taking damage. [mutagenic meat]
 29860 | Vaults:1 | Lost mutation: Your natural rate of healing is unusually fast. [mutagenic meat]
 29861 | Vaults:1 | Gained mutation: You tend to lose your temper in combat. [mutagenic meat]
 29911 | Vaults:1 | Found Udynwodi's Gadget Shoppe.
 30584 | Vaults:1 | Reached XP level 19. HP: 124/124 MP: 25/25
 30729 | Vaults:2 | Reached skill level 18 in Maces & Flails
 31318 | Vaults:2 | Found a staircase to the Crypt.
 31823 | Temple   | Fell from the grace of the Shining One
 31823 | Temple   | Became a worshipper of Zin the Law-Giver
 31823 | Temple   | Reached * piety under Zin
 31823 | Temple   | Reached ** piety under Zin
 31823 | Temple   | Reached *** piety under Zin
 31823 | Temple   | Reached **** piety under Zin
 31823 | Temple   | Reached ***** piety under Zin
 31824 | Temple   | Donated 556 gold pieces to Zin
 32164 | Vaults:2 | You fall through a shaft!
 32505 | Vaults:3 | Noticed a Hell Sentinel
 32506 | Vaults:3 | Noticed a Brimstone Fiend
 33250 | Vaults:3 | Reached XP level 20. HP: 132/132 MP: 26/26
 34161 | Vaults:3 | Reached ****** piety under Zin
 34613 | Vaults:3 | Received a gift from Zin
 34613 | Vaults:3 | Lost mutation: You have hoof-like feet. [Zin's power]
 34613 | Vaults:3 | Lost mutation: You have large cloven feet. [Zin's power]
 34613 | Vaults:3 | Lost mutation: You are surrounded by a mild repulsion field. (EV +2) [Zin's power]
 34613 | Vaults:3 | Lost mutation: You tend to lose your temper in combat. [Zin's power]
 34613 | Vaults:3 | Lost mutation: Scrolls take you a little longer to read. [Zin's power]
 34613 | Vaults:3 | Lost mutation: Your flesh is cold resistant. (rC+) [Zin's power]
 34613 | Vaults:3 | Lost mutation: Your body sometimes deteriorates upon taking damage. [Zin's power]
 34613 | Vaults:3 | Lost mutation: Potions are less effective at restoring your health. [Zin's power]
 34613 | Vaults:3 | Lost mutation: Your spells are a little easier to cast, but a little less powerful. [Zin's power]
 34649 | Vaults:3 | Identified a scroll of acquirement
 34835 | Vaults:5 | Entered Level 5 of the Vaults
 34885 | Vaults:4 | Reached skill level 19 in Maces & Flails
 34977 | Crypt:1  | Entered Level 1 of the Crypt
 35549 | Vaults:4 | Reached skill level 10 in Invocations
 35759 | Vaults:4 | Reached XP level 21. HP: 139/139 MP: 28/28
 36421 | Vaults:4 | Got a brightly glowing amber ring
 36423 | Vaults:4 | Identified the ring "Bema" {rPois rF+ rN+ MR+ Slay+3} (You acquired it on level 4 of the Vaults)
 37941 | Vaults:5 | Found Ostropnu's Antique Weapon Shoppe.
 38176 | Vaults:5 | Reached XP level 22. HP: 134/147 MP: 30/30
 38341 | Vaults:5 | Got a silver rune of Zot
 38475 | Vaults:5 | Noticed a golden dragon
 38480 | Vaults:5 | Killed a golden dragon
 38517 | Vaults:5 | Reached skill level 20 in Maces & Flails
 38529 | Vaults:5 | Noticed a golden dragon
 38539 | Vaults:5 | Killed a golden dragon
 38582 | Vaults:5 | Learned a level 1 spell: Infusion
 38699 | Vaults:5 | Got a crude steel ring
 38828 | Vaults:5 | Identified the ring of the Gloaming {rElec rN+ Str+3} (You took it off an ironheart preserver on level 5 of the Vaults)
 38983 | Vaults:5 | Got a fine helmet
 38998 | Vaults:5 | Identified the +0 helmet of Ashenzari's Wrath {+Blink rN+ Regen+} (You found it on level 5 of the Vaults)
 39895 | Shoals:1 | Entered Level 1 of the Shoals
 40049 | Shoals:3 | Found Bekhlemig's Gadget Emporium.
 40057 | Shoals:3 | Bought a phantom mirror for 630 gold pieces
 40059 | Shoals:3 | Noticed Bai Suzhen
 40075 | Shoals:3 | Killed Bai Suzhen
 40084 | Shoals:3 | Found Omiel's Jewellery Boutique.
 40160 | Shoals:4 | Entered Level 4 of the Shoals
 40247 | Shoals:3 | Found Ojipel Ysso's Distillery.
 40285 | Shoals:3 | Bought 2 potions of haste for 360 gold pieces
 40285 | Shoals:3 | Bought a potion of might for 72 gold pieces
 40285 | Shoals:3 | Bought a potion of berserk rage for 90 gold pieces
 40285 | Shoals:3 | Bought a potion of curing for 54 gold pieces
 40285 | Shoals:3 | Bought a potion of might for 72 gold pieces
 40292 | Shoals:4 | Noticed Ilsuiw
 40385 | Shoals:4 | Killed Ilsuiw
 40659 | Shoals:4 | Reached XP level 23. HP: 149/153 MP: 32/32
 40802 | Shoals:4 | Got a barnacled rune of Zot
 41531 | Shoals:3 | Noticed Polyphemus
 41544 | Shoals:3 | Killed Polyphemus
 42444 | D:14     | Found a runed door.
 42566 | D:14     | Got a scorched brass amulet
 42567 | D:14     | Identified the amulet of Juollob {*Drain +Rage +Inv rElec rC+} (You found it on level 14 of the Dungeon)
 42738 | D:14     | Noticed Snorg
 42742 | D:14     | Killed Snorg
 42870 | D:15     | Entered Level 15 of the Dungeon
 43049 | D:15     | Found a portal to a secret trove of treasure.
 43182 | D:15     | Found a staircase to the Depths.
 43358 | D:15     | Found a shattered altar of Ashenzari.
 43515 | Depths:1 | Entered Level 1 of the Depths
 44552 | Depths:2 | Reached skill level 21 in Maces & Flails
 44920 | Depths:2 | Reached XP level 24. HP: 160/160 MP: 32/32
 45603 | Depths:2 | Noticed a caustic shrike
 45621 | Depths:2 | Killed a caustic shrike
 45661 | Depths:2 | Reached skill level 22 in Maces & Flails
 45704 | Depths:2 | Identified the ring of Qiukk {rN+ Str+2 Dex+3} (You acquired it on level 2 of the Depths)
 46140 | Depths:3 | Noticed Margery
 46159 | Depths:3 | Killed Margery
 46416 | Depths:3 | Reached skill level 5 in Dodging
 46523 | Depths:3 | Reached XP level 25. HP: 149/165 MP: 32/32
 46853 | Depths:3 | Found Cedug's Gadget Emporium.
 46853 | Depths:3 | Found Senischo's Jewellery Boutique.
 46854 | Depths:3 | Found Pon Lek's Gadget Emporium.
 46871 | Depths:3 | Bought the amulet of the Four Winds {rN+ MR+++ Clar} for 921 gold pieces
 47068 | Depths:3 | Found a one-way gate leading to the halls of Pandemonium.
 47205 | Depths:3 | Found a gateway to Hell.
 47583 | Depths:5 | Entered Level 5 of the Depths
 47586 | Depths:5 | Found Lifag's Magic Scroll Shoppe.
 47740 | Depths:5 | Bought a scroll of teleportation for 45 gold pieces
 47740 | Depths:5 | Bought a scroll of fear for 52 gold pieces
 47740 | Depths:5 | Bought a scroll of teleportation for 45 gold pieces
 47740 | Depths:5 | Bought a scroll of teleportation for 45 gold pieces
 48152 | Depths:5 | Noticed the Enchantress
 48176 | Depths:5 | Killed the Enchantress
 48199 | Depths:5 | Found a gateway to a ziggurat.
 48792 | Depths:4 | Found a one-way gate to the infinite horrors of the Abyss.
 49109 | Depths:5 | Reached skill level 23 in Maces & Flails
 49437 | Depths:5 | Found a gate to the Realm of Zot.
 49521 | Zot:1    | Entered Level 1 of the Realm of Zot
 49726 | Zot:1    | Reached XP level 26. HP: 164/172 MP: 32/32
 50593 | Zot:4    | Reached skill level 24 in Maces & Flails
 50645 | Zot:5    | Entered Level 5 of the Realm of Zot
 50820 | Zot:4    | Noticed an orb of fire
 50988 | Zot:4    | Killed an orb of fire
 51187 | Zot:5    | Reached skill level 25 in Maces & Flails
 51326 | Zot:5    | Noticed an ancient lich
 51337 | Zot:5    | Killed an ancient lich
 51593 | Zot:5    | Reached XP level 27. HP: 147/176 MP: 32/32
 51776 | Zot:5    | Noticed an orb of fire
 51793 | Zot:5    | Killed an orb of fire
 51795 | Zot:5    | Noticed an orb of fire
 51813 | Zot:5    | Killed an orb of fire
 51813 | Zot:5    | Reached skill level 26 in Maces & Flails
 52252 | Zot:5    | Noticed an orb of fire
 52354 | Zot:5    | Killed an orb of fire
 52516 | Zot:5    | Got the Orb of Zot
 52650 | Zot:3    | Reached skill level 27 in Maces & Flails
 53323 | D:$      | Escaped with the Orb!

Skill      XL: |  1  2  3  4  5  6  7  8  9 10 11 12 13 14 15 16 17 18 19 20 21 22 23 24 25 26 27 |
---------------+----------------------------------------------------------------------------------+-----
Fighting       | 4 5 6 8 9 11 12 13 14 15 16 17 18 19 | 19.0
Shields        | 4 5 6 8 10 11 12 14 15 16 17 18 19 20 | 20.3
Armour         | 4 5 7 8 9 10 11 12 13 14 15 16 17 18 19 20 21 22 23 | 23.5
Maces & Flails | 3 4 6 7 9 10 11 12 13 15 16 17 18 19 20 21 22 23 25 27 | 27.0
Invocations    | 2 4 5 6 7 8 10 11 12 | 12.3
Evocations     | 2 4 6 7 8 |  8.0
Dodging        | 1 3 5 8 9 |  9.0

Action                   |  1- 3 |  4- 6 |  7- 9 | 10-12 | 13-15 | 16-18 | 19-21 | 22-24 | 25-27 || total
-------------------------+-------+-------+-------+-------+-------+-------+-------+-------+-------++-------
Melee: Flail             |   118 |   257 |   373 |   687 |  1233 |       |       |       |       ||  2668
       Eveningstar       |       |       |       |       |   356 |  1618 |  1426 |  1615 |  1451 ||  6466
       Headbutt          |       |       |       |       |    32 |   298 |       |       |       ||   330
Invok: Divine Shield     |       |       |       |     3 |     4 |     5 |       |       |       ||    12
       Summon Divine War |       |       |       |       |     1 |       |       |       |       ||     1
       Brand Weapon With |       |       |       |       |       |     1 |       |       |       ||     1
       Vitalisation      |       |       |       |       |       |       |     2 |     3 |     2 ||     7
       Recite            |       |       |       |       |       |       |     2 |       |       ||     2
       Donate Gold       |       |       |       |       |       |       |     1 |       |       ||     1
       Cure All Mutation |       |       |       |       |       |       |     1 |       |       ||     1
 Abil: Fly               |       |       |       |       |     1 |       |       |     1 |       ||     2
       Stop Flying       |       |       |       |       |       |     1 |       |     1 |       ||     2
       Evoke Blink       |       |       |       |       |       |       |       |     6 |     5 ||    11
Evoke: Wand              |       |       |       |    14 |    26 |     5 |       |     5 |     3 ||    53
       Lamp of fire      |       |       |       |     2 |     2 |     2 |       |       |       ||     6
       Lightning rod     |       |       |       |       |       |       |       |     1 |       ||     1
  Use: Potion            |     1 |     1 |     1 |     4 |     3 |     5 |     2 |     1 |     2 ||    20
       Scroll            |       |    10 |     9 |     7 |    11 |    10 |    11 |    19 |     8 ||    85
 Stab: Confused          |       |       |       |       |       |       |     2 |       |       ||     2
       Distracted        |       |       |       |       |       |       |       |     1 |       ||     1
  Eat: Chunk             |       |     7 |     9 |    14 |    19 |    35 |     7 |       |       ||    91
       Royal jelly       |       |       |     1 |     2 |     1 |       |     2 |     1 |       ||     7
       Fruit             |       |       |       |     1 |       |     2 |     1 |     9 |     5 ||    18
       Bread ration      |       |       |       |     1 |     1 |     1 |     1 |     3 |     3 ||    10
       Meat ration       |       |       |       |       |     2 |     2 |     3 |     1 |     1 ||     9
Armor: Scale mail        |    34 |       |       |       |       |       |       |       |       ||    34
       Chain mail        |    50 |   144 |   179 |   156 |       |       |       |       |       ||   529
       Plate armour      |       |       |       |   209 |   822 |   574 |   449 |    65 |       ||  2119
       Gold dragon scale |       |       |       |       |       |       |       |   580 |   839 ||  1419
Dodge: Dodged            |    31 |    58 |    88 |   122 |   340 |   248 |   219 |   229 |   345 ||  1680
Block: Shield            |    73 |   135 |   171 |   404 |   889 |   238 |       |       |       ||  1910
       Large shield      |       |       |       |       |       |  1328 |  1674 |  1917 |  1508 ||  6427
       Reflection        |       |       |       |       |       |    90 |    73 |   182 |       ||   345
